[Event "IIFL Wealth  4th Mumbai Junior U-13"]
[Site "Mumbai"]
[Date "2019.01.03"]
[Round "5"]
[White "Sohanganesh Uddhav Nikam"]
[Black "Jain Aryan S"]
[Result "1-0"]
[ECO "C50"]
[WhiteElo "1299"]
[BlackElo "1115"]
[Annotator "NA"]
[PlyCount "42"]
[EventDate "2018.12.30"]
[EventType "swiss"]
[EventCountry "IND"]
[SourceTitle "playchess.com"]
[Source "ChessBase"]
[SourceQuality "1"]
[TimeControl "40/5400+30:1800+30"]

1. e4 e5 2. Nf3 Nc6 3. Bc4 Be7 4. d3 Nf6 5. Nc3 O-O 6. h3 d6 7. Be3 Be6 8. Bb3 d5 9. exd5 Nxd5 10. d4 Nxe3 11. fxe3 exd4 12. exd4 Bh4+ 13. Kf1 Bxb3 14. axb3 Bf6 15. d5 Ne5 16. Kf2 Nxf3 17. Qxf3 Bd4+ 18. Kf1 a6 19. Rd1 Be5 20. Kf2 Qf6 21. Rhe1 Rfe8 1-0

[Event "IIFL Wealth  4th Mumbai Junior U-13"]
[Site "Mumbai"]
[Date "2019.01.03"]
[Round "5"]
[White "Vishal Shewale"]
[Black "Bharadia Yash"]
[Result "1-0"]
[ECO "C51"]
[WhiteElo "1287"]
[BlackElo "1559"]
[Annotator "NA"]
[PlyCount "57"]
[EventDate "2018.12.30"]
[EventType "swiss"]
[EventCountry "IND"]
[SourceTitle "playchess.com"]
[Source "ChessBase"]
[SourceQuality "1"]
[TimeControl "40/5400+30:1800+30"]

1. e4 e5 2. Nf3 Nc6 3. Bc4 Bc5 4. b4 Bxb4 5. c3 Ba5 6. d4 exd4 7. O-O d6 8. cxd4 Bb6 9. Nc3 Nf6 10. e5 dxe5 11. Ba3 Nxd4 12. Nxe5 Be6 13. Re1 c5 14. Qa4+ Kf8 15. Rad1 Kg8 16. f4 Qe8 17. Bxe6 fxe6 18. Qc4 Nc2 19. Bb2 Nxe1 20. Rd6 Kf8 21. Rxe6 Qh5 22. Ne4 Nd3 23. Nxd3 Qd5 24. Rxf6+ gxf6 25. Qxd5 c4+ 26. Ndc5 Rd8 27. Qf5 Rd1+ 28. Kf2 Bxc5+ 29. Qxc5+ 1-0

[Event "IIFL Wealth  4th Mumbai Junior U-13"]
[Site "Mumbai"]
[Date "2019.01.03"]
[Round "5"]
[White "Sneha Halder"]
[Black "Anirudh Satish"]
[Result "1-0"]
[ECO "D00"]
[WhiteElo "1282"]
[BlackElo "1101"]
[Annotator "NA RC"]
[PlyCount "91"]
[EventDate "2018.12.30"]
[EventType "swiss"]
[EventCountry "IND"]
[SourceTitle "playchess.com"]
[Source "ChessBase"]
[SourceQuality "1"]
[TimeControl "40/5400+30:1800+30"]

1. d4 d5 2. Bf4 Nf6 3. c3 Bg4 4. h3 Bh5 5. Nd2 c5 6. dxc5 Nc6 7. Ngf3 e6 8. b4 a5 9. a3 Be7 10. g3 O-O 11. Bg2 h6 12. Nb3 Ne4 13. Qc1 Bf6 14. Bd2 Qb8 15. g4 Bg6 16. O-O a4 17. Nbd4 Nxd2 18. Qxd2 Nxd4 19. Nxd4 Qe5 20. f4 Qc7 21. f5 exf5 22. gxf5 Bh7 23. Bxd5 Qd7 24. Be4 Rfe8 25. Qd3 Bxd4+ 26. cxd4 Rad8 27. Rad1 f6 28. Bg2 Qe7 29. Qc4+ Kh8 30. e4 Rc8 31. d5 Qd6 32. Qb5 Qa6 33. Qxa6 bxa6 34. d6 Red8 35. e5 fxe5 36. c6 Bg8 37. c7 Rf8 38. Bb7 Ra8 39. Bxa8 Rxa8 40. d7 Be6 41. d8=Q+ Rxd8 42. cxd8=Q+ Kh7 43. fxe6 a5 44. Qf8 e4 45. Rd7 Kg6 46. Qf5# 1-0

[Event "IIFL Wealth  4th Mumbai Junior U-13"]
[Site "Mumbai"]
[Date "2019.01.03"]
[Round "5"]
[White "Sawalakhe Jay"]
[Black "Borate Tanvi"]
[Result "0-1"]
[ECO "C55"]
[WhiteElo "1273"]
[BlackElo "1035"]
[Annotator "NA RC"]
[PlyCount "54"]
[EventDate "2018.12.30"]
[EventType "swiss"]
[EventCountry "IND"]
[SourceTitle "playchess.com"]
[Source "ChessBase"]
[SourceQuality "1"]
[TimeControl "40/5400+30:1800+30"]

1. e4 e5 2. Nf3 Nc6 3. d4 exd4 4. Bc4 Nf6 5. O-O Bc5 6. e5 d5 7. exf6 dxc4 8. fxg7 Rg8 9. Bg5 Qd5 10. Nc3 Qf5 11. Re1+ Be6 12. Nb5 Bb6 13. Na3 Kd7 14. Bh6 Rad8 15. Qc1 f6 16. Nh4 Qg4 17. g3 Ne5 18. Rxe5 fxe5 19. Qg5 Qxg5 20. Bxg5 Rde8 21. Re1 Rxg7 22. Bf6 Rf7 23. Bxe5 d3 24. Bf4 Bd5 25. Rd1 Rfe7 26. Kf1 Re2 27. Rd2 Re1# 0-1

[Event "IIFL Wealth  4th Mumbai Junior U-13"]
[Site "Mumbai"]
[Date "2019.01.03"]
[Round "5"]
[White "Sai Mahati A"]
[Black "Mahajan Ayush"]
[Result "1/2-1/2"]
[ECO "D30"]
[WhiteElo "1267"]
[BlackElo "1629"]
[Annotator "NA RC"]
[PlyCount "53"]
[EventDate "2018.12.30"]
[EventType "swiss"]
[EventCountry "IND"]
[SourceTitle "playchess.com"]
[Source "ChessBase"]
[SourceQuality "1"]
[TimeControl "40/5400+30:1800+30"]

1. d4 d5 2. c4 e6 3. cxd5 exd5 4. Nc3 Be7 5. Nf3 Nf6 6. Bg5 c6 7. e3 Nbd7 8. Bd3 O-O 9. O-O Re8 10. h3 Nf8 11. Bxf6 Bxf6 12. b4 Ng6 13. b5 c5 14. Rc1 cxd4 15. Nxd4 Bxd4 16. exd4 Nf4 17. Ne2 Nxe2+ 18. Bxe2 Qg5 19. f4 Qe7 20. Bf3 Qe3+ 21. Kh1 Be6 22. f5 Bxf5 23. Kh2 Kh8 24. Kh1 Kg8 25. Kh2 Kh8 26. Kh1 Kg8 27. Kh2 1/2-1/2

[Event "IIFL Wealth  4th Mumbai Junior U-13"]
[Site "Mumbai"]
[Date "2019.01.03"]
[Round "5"]
[White "Ghadge Harsh"]
[Black "Tejes Suresh Kumar"]
[Result "0-1"]
[ECO "D57"]
[WhiteElo "1265"]
[BlackElo "1586"]
[Annotator "NA"]
[PlyCount "48"]
[EventDate "2018.12.30"]
[EventType "swiss"]
[EventCountry "IND"]
[SourceTitle "playchess.com"]
[Source "ChessBase"]
[SourceQuality "1"]
[TimeControl "40/5400+30:1800+30"]

1. d4 d5 2. c4 e6 3. Nc3 Nf6 4. Bg5 Be7 5. Nf3 O-O 6. e3 h6 7. Bh4 Ne4 8. Bxe7 Qxe7 9. cxd5 Nxc3 10. bxc3 exd5 11. Qb3 Rd8 12. c4 Be6 13. Qxb7 dxc4 14. Qxa8 Qa3 15. Rb1 Bf5 16. Qb7 c3 17. Ra1 c2 18. Kd2 Qa5+ 19. Kc1 Nd7 20. e4 Rb8 21. Qc6 Bxe4 22. Qxe4 Qc3 23. Qe1 Qb2+ 24. Kd2 c1=Q+ 0-1

[Event "IIFL Wealth  4th Mumbai Junior U-13"]
[Site "Mumbai"]
[Date "2019.01.03"]
[Round "5"]
[White "Darsh Shetty"]
[Black "Aaryan Balaji Rao"]
[Result "1-0"]
[ECO "A01"]
[WhiteElo "1260"]
[BlackElo "1095"]
[Annotator "NA RC"]
[PlyCount "141"]
[EventDate "2018.12.30"]
[EventType "swiss"]
[EventCountry "IND"]
[SourceTitle "playchess.com"]
[Source "ChessBase"]
[SourceQuality "1"]
[TimeControl "40/5400+30:1800+30"]

1. b3 e5 2. Bb2 Nc6 3. e3 d6 4. Bb5 Bd7 5. Nf3 a6 6. Bxc6 Bxc6 7. d4 exd4 8. Bxd4 Nf6 9. c4 Be7 10. O-O O-O 11. Bb2 Qd7 12. Nc3 Rfd8 13. Nd4 d5 14. Nxc6 bxc6 15. Qe2 Qe6 16. cxd5 cxd5 17. Qf3 Rab8 18. Ne2 Ne4 19. Nd4 Qb6 20. Nf5 Bf8 21. Qg4 g6 22. f3 Nd6 23. Nd4 Re8 24. Nc2 Nf5 25. Rae1 Bc5 26. Kh1 Nxe3 27. Nxe3 Bxe3 28. Rd1 c6 29. Qh4 Re6 30. f4 d4 31. f5 Rd6 32. fxg6 fxg6 33. Qe7 Qd8 34. Qf7+ Kh8 35. Rfe1 Rf6 36. Qc4 Rf2 37. Rxe3 Rxb2 38. Red3 Rxa2 39. Rxd4 Qf8 40. Rf4 Qg7 41. Rf7 Ra1 42. Rxa1 Qxa1+ 43. Rf1 Qe5 44. Qxc6 Qg7 45. Qd6 Ra8 46. Qc6 Qg8 47. h3 a5 48. Qf6+ Qg7 49. Qe6 Rf8 50. Rd1 Qf6 51. Qd5 Rb8 52. Qxa5 Rxb3 53. Rd8+ Kg7 54. Rd7+ Kh6 55. Qd2+ Qg5 56. Rxh7+ Kxh7 57. Qxg5 Rb1+ 58. Kh2 Rf1 59. g4 Rf7 60. Kg3 Rg7 61. h4 Rg8 62. h5 gxh5 63. Qxh5+ Kg7 64. Kf4 Rf8+ 65. Kg5 Rg8 66. Qh6+ Kf7+ 67. Kf5 Rg7 68. g5 Kg8 69. g6 Ra7 70. Qd2 Rg7 71. Qd8# 1-0

[Event "IIFL Wealth  4th Mumbai Junior U-13"]
[Site "Mumbai"]
[Date "2019.01.03"]
[Round "5"]
[White "Tambe Shardul"]
[Black "Vedant Mistry"]
[Result "1-0"]
[ECO "D66"]
[WhiteElo "1250"]
[BlackElo "1075"]
[Annotator "NA RC"]
[PlyCount "71"]
[EventDate "2018.12.30"]
[EventType "swiss"]
[EventCountry "IND"]
[SourceTitle "playchess.com"]
[Source "ChessBase"]
[SourceQuality "1"]
[TimeControl "40/5400+30:1800+30"]

1. d4 d5 2. c4 e6 3. Nc3 Nf6 4. Bg5 Nbd7 5. e3 c6 6. Nf3 Be7 7. Rc1 O-O 8. Bd3 Re8 9. Qc2 Nf8 10. O-O b6 11. cxd5 Nxd5 12. Nxd5 cxd5 13. Bf4 Bd6 14. Qc6 Bxf4 15. Qxa8 Bd6 16. Qxa7 Re7 17. Qa4 Bd7 18. Qc2 Be8 19. Qe2 f5 20. Bb5 Bh5 21. Rc2 Qb8 22. h3 Ra7 23. a3 Ng6 24. Rfc1 Bc7 25. Qd1 Nh4 26. Be2 Nxf3+ 27. Bxf3 Bf7 28. Rc3 Bd8 29. Rc8 Qd6 30. R1c6 Qd7 31. Qc2 Be8 32. Qc1 h6 33. Bh5 Kh7 34. Bxe8 Qxe8 35. Rd6 Rd7 36. Qc6 1-0

[Event "IIFL Wealth  4th Mumbai Junior U-13"]
[Site "Mumbai"]
[Date "2019.01.03"]
[Round "5"]
[White "Bulsara Yazaan"]
[Black "Dabhade Arnav"]
[Result "1-0"]
[ECO "C54"]
[WhiteElo "1244"]
[BlackElo "1064"]
[Annotator "NA RC"]
[PlyCount "121"]
[EventDate "2018.12.30"]
[EventType "swiss"]
[EventCountry "IND"]
[SourceTitle "playchess.com"]
[Source "ChessBase"]
[SourceQuality "1"]
[TimeControl "40/5400+30:1800+30"]

1. e4 e5 2. Nf3 Nc6 3. Bc4 Bc5 4. c3 Nf6 5. d3 d6 6. h3 h6 7. b4 Bb6 8. a4 a6 9. Nbd2 O-O 10. O-O Be6 11. Ba2 Re8 12. Re1 Bxa2 13. Rxa2 d5 14. exd5 Qxd5 15. Nb3 Rad8 16. Rd2 Qd6 17. Bb2 Rd7 18. Qc2 Rdd8 19. b5 Na7 20. c4 Bc5 21. Bxe5 Rxe5 22. Rxe5 Bb4 23. Rde2 Qxd3 24. Qxd3 Rxd3 25. Nbd2 axb5 26. axb5 Nc8 27. R5e3 Rxe3 28. Rxe3 Bxd2 29. Nxd2 Nd6 30. g4 Kf8 31. f3 g5 32. Kf2 Nd7 33. Rc3 Nc5 34. Ke3 Ke7 35. Ne4 Ndxe4 36. fxe4 Ke6 37. Kd4 b6 38. Ra3 f6 39. Re3 Kd6 40. e5+ fxe5+ 41. Rxe5 Ne6+ 42. Ke4 Nf4 43. h4 Ng6 44. Rd5+ Ke6 45. hxg5 hxg5 46. Rxg5 Kf6 47. Rxg6+ Kxg6 48. Kd5 Kg5 49. Kc6 Kxg4 50. Kxc7 Kf5 51. Kxb6 Ke6 52. c5 Kd7 53. Kb7 Kd8 54. c6 Ke8 55. c7 Ke7 56. c8=Q Kd6 57. Ka7 Kd5 58. b6 Kd6 59. b7 Kd5 60. b8=Q Kd4 61. Qd6+ {[%emt 0:00:12] Kd5} 1-0

[Event "IIFL Wealth  4th Mumbai Junior U-13"]
[Site "Mumbai"]
[Date "2019.01.03"]
[Round "5"]
[White "Roy Aanya"]
[Black "Ananya Arumbakkam"]
[Result "0-1"]
[ECO "C94"]
[WhiteElo "1232"]
[BlackElo "1405"]
[Annotator "NA RC"]
[PlyCount "104"]
[EventDate "2018.12.30"]
[EventType "swiss"]
[EventCountry "IND"]
[SourceTitle "playchess.com"]
[Source "ChessBase"]
[SourceQuality "1"]
[TimeControl "40/5400+30:1800+30"]

1. e4 e5 2. Nf3 Nc6 3. Bb5 a6 4. Ba4 Nf6 5. O-O Be7 6. Re1 b5 7. Bb3 d6 8. c3 Nb8 9. h3 O-O 10. d3 Nbd7 11. Bc2 Bb7 12. Nbd2 Re8 13. Nf1 Bf8 14. Ng3 g6 15. Be3 Bg7 16. Qd2 Qe7 17. Bh6 Qf8 18. Bxg7 Qxg7 19. b4 d5 20. exd5 Nxd5 21. Ne4 Rad8 22. c4 N5f6 23. Qc3 bxc4 24. Nxf6+ Qxf6 25. dxc4 Bxf3 26. Qxf3 Qxf3 27. gxf3 Nf8 28. Rad1 f6 29. Ba4 Rxd1 30. Rxd1 Rb8 31. a3 Kf7 32. Bb3 Ke7 33. Kg2 c5 34. Ba4 cxb4 35. Rb1 a5 36. axb4 Rxb4 37. Bb3 Ne6 38. Ba2 Rxb1 39. Bxb1 Kd6 40. Kf1 Kc5 41. Ba2 Nd4 42. Kg2 a4 43. Kg3 Ne2+ 44. Kg2 Nc3 45. Bb1 Nxb1 46. Kf1 a3 47. Ke1 a2 48. Kd1 a1=Q 49. Kc2 Qc3+ 50. Kxb1 Kb4 51. c5 Kb3 52. c6 Qb2# 0-1

[Event "IIFL Wealth  4th Mumbai Junior U-13"]
[Site "Mumbai"]
[Date "2019.01.03"]
[Round "5"]
[White "Vegi Bhavishnu Sai Sivaji"]
[Black "Rajbeer Ahmed"]
[Result "1-0"]
[ECO "B43"]
[WhiteElo "1225"]
[BlackElo "1550"]
[Annotator "NA RC"]
[PlyCount "69"]
[EventDate "2018.12.30"]
[EventType "swiss"]
[EventCountry "IND"]
[SourceTitle "playchess.com"]
[Source "ChessBase"]
[SourceQuality "1"]
[TimeControl "40/5400+30:1800+30"]

1. e4 c5 2. Nf3 e6 3. d4 cxd4 4. Nxd4 a6 5. Nc3 Qc7 6. Be3 Bb4 7. Qd2 Nf6 8. Bd3 d5 9. exd5 Nxd5 10. Nde2 Nd7 11. O-O Nxe3 12. fxe3 Bd6 13. h3 Bc5 14. Kh1 Ba7 15. e4 Bb8 16. Qf4 Ne5 17. Rad1 Qe7 18. Qe3 Ng6 19. a3 Qc7 20. g3 Ba7 21. Qf3 b5 22. Nxb5 axb5 23. Bxb5+ Kf8 24. Rd7 Ne5 25. Qxf7+ Nxf7 26. Rfxf7+ Ke8 27. Rxc7+ Kd8 28. Rxa7 Rb8 29. Nc3 h5 30. Rxg7 e5 31. a4 Bxh3 32. Nd5 Rf8 33. Rgd7+ Bxd7 34. Rxd7+ Kc8 35. Ne7# 1-0

[Event "IIFL Wealth  4th Mumbai Junior U-13"]
[Site "Mumbai"]
[Date "2019.01.03"]
[Round "5"]
[White "Marzouq, Chowdhury"]
[Black "Makwana Devam"]
[Result "1/2-1/2"]
[ECO "B22"]
[WhiteElo "1224"]
[BlackElo "1617"]
[Annotator "NA RC"]
[PlyCount "99"]
[EventDate "2018.12.30"]
[EventType "swiss"]
[EventCountry "IND"]
[SourceTitle "playchess.com"]
[Source "ChessBase"]
[SourceQuality "1"]
[TimeControl "40/5400+30:1800+30"]

1. e4 c5 2. c3 d6 3. d4 cxd4 4. cxd4 Nf6 5. Nc3 e6 6. Nf3 Be7 7. Bc4 a6 8. a4 Nc6 9. O-O Nxe4 10. Nxe4 d5 11. Bxd5 exd5 12. Ng3 Bg4 13. Be3 Bf6 14. Re1 O-O 15. Qb3 Bxf3 16. gxf3 Qd7 17. Rad1 Rac8 18. Kg2 Rfe8 19. Qb6 Bd8 20. Qb3 Na5 21. Qa2 Bf6 22. Ne2 Nc6 23. Nf4 Nb4 24. Qb3 a5 25. Rc1 Qf5 26. Rc3 Bxd4 27. Rxc8 Rxc8 28. Bxd4 Qxf4 29. Be5 Qg5+ 30. Bg3 Qg6 31. Re3 d4 32. Qc4 Rd8 33. Qxd4 Rf8 34. Qc5 b6 35. Qe5 h6 36. Qd6 Qc2 37. Qd7 Qxb2 38. Re8 Rxe8 39. Qxe8+ Kh7 40. Qe4+ g6 41. Qe8 Qg7 42. Be5 Qg8 43. Qb5 Qd8 44. f4 Qd5+ 45. Qxd5 Nxd5 46. Kf3 f5 47. Ke2 Kg8 48. Kd3 Kf7 49. Kc4 Ke6 50. Kb5 {Kxe5} 1/2-1/2

[Event "IIFL Wealth  4th Mumbai Junior U-13"]
[Site "Mumbai"]
[Date "2019.01.03"]
[Round "5"]
[White "Sathi Akshaj Mayank"]
[Black "Yash Joshi"]
[Result "0-1"]
[ECO "B72"]
[WhiteElo "1194"]
[BlackElo "1389"]
[Annotator "NA"]
[PlyCount "30"]
[EventDate "2018.12.30"]
[EventType "swiss"]
[EventCountry "IND"]
[SourceTitle "playchess.com"]
[Source "ChessBase"]
[SourceQuality "1"]
[TimeControl "40/5400+30:1800+30"]

1. e4 c5 2. Nf3 d6 3. d4 cxd4 4. Nxd4 Nf6 5. Nc3 g6 6. Be3 Bg7 7. Be2 O-O 8. O-O Nc6 9. f3 Bd7 10. Qd2 a6 11. h3 Qc8 12. Na4 Nxd4 13. Nb6 Nxe2+ 14. Qxe2 Qc7 15. Nxa8 Rxa8 0-1

[Event "IIFL Wealth  4th Mumbai Junior U-13"]
[Site "Mumbai"]
[Date "2019.01.03"]
[Round "5"]
[White "Kadam Laksh"]
[Black "Nehete Arnav"]
[Result "0-1"]
[ECO "B12"]
[WhiteElo "1182"]
[BlackElo "1544"]
[Annotator "NA RC"]
[PlyCount "68"]
[EventDate "2018.12.30"]
[EventType "swiss"]
[EventCountry "IND"]
[SourceTitle "playchess.com"]
[Source "ChessBase"]
[SourceQuality "1"]
[TimeControl "40/5400+30:1800+30"]

1. e4 c6 2. d4 d5 3. e5 c5 4. c3 Nc6 5. f4 Bf5 6. Nf3 e6 7. g3 Bg4 8. Bg2 cxd4 9. cxd4 Rc8 10. Nc3 Qb6 11. Ne2 Nge7 12. O-O Nf5 13. Kh1 Bxf3 14. Bxf3 Nfxd4 15. Be3 Bc5 16. Rc1 Nb3 17. Bxc5 Nxc5 18. b3 O-O 19. h4 Ne7 20. g4 Ng6 21. Qe1 Nd3 22. Qg3 Nxc1 23. Nxc1 Qd8 24. g5 Ne7 25. Bg4 d4 26. Nd3 Qd5+ 27. Bf3 Nf5 28. Qh3 Qb5 29. Be4 Ne3 30. Rg1 Rc3 31. h5 g6 32. hxg6 hxg6 33. Qh6 Nf5 34. Rg2 Nxh6 0-1

[Event "IIFL Wealth  4th Mumbai Junior U-13"]
[Site "Mumbai"]
[Date "2019.01.03"]
[Round "5"]
[White "Shaurya Dinesh Sawlani"]
[Black "Vedant Nitin vekhande"]
[Result "0-1"]
[ECO "B23"]
[WhiteElo "1173"]
[BlackElo "1564"]
[Annotator "NA RC"]
[PlyCount "166"]
[EventDate "2018.12.30"]
[EventType "swiss"]
[EventCountry "IND"]
[SourceTitle "playchess.com"]
[Source "ChessBase"]
[SourceQuality "1"]
[TimeControl "40/5400+30:1800+30"]

1. e4 c5 2. Nc3 g6 3. f4 Bg7 4. Nf3 Nc6 5. Bc4 e6 6. O-O Nge7 7. Qe1 O-O 8. d3 a6 9. a4 b6 10. Kh1 d5 11. Ba2 Nd4 12. Nxd4 cxd4 13. Ne2 dxe4 14. dxe4 d3 15. cxd3 Qxd3 16. Bb1 Qd7 17. Qg3 Qc7 18. Ra3 a5 19. Bd3 Nc6 20. Qh4 Qd8 21. Qg3 Nb4 22. f5 Nxd3 23. Rxd3 Qe7 24. Qf2 exf5 25. exf5 Bxf5 26. Ra3 Rfe8 27. Ng3 Be6 28. Qxb6 Bc4 29. Rg1 Rad8 30. Be3 Qe5 31. Bc1 Bf8 32. Re3 Bc5 33. Rxe5 Bxb6 34. Rxe8+ Rxe8 35. Rd1 Bb3 36. Rf1 Bxa4 37. Bh6 Bb5 38. Rc1 Bd4 39. b3 Be3 40. Bxe3 Rxe3 41. Rb1 Bd3 42. Ra1 Bc2 43. Kg1 Re5 44. Ra3 Rb5 45. Ne2 Rxb3 46. Rxa5 Bd3 47. Nf4 Be4 48. Ra2 Kg7 49. Kf2 Rb4 50. Ne2 Bd5 51. Rd2 Bb7 52. g3 Ba6 53. Nf4 Bc4 54. Ke3 g5 55. Ne2 Bxe2 56. Rxe2 Kg6 57. Kf3 f5 58. Re6+ Kh5 59. h3 Rb3+ 60. Kf2 Rb2+ 61. Kf3 g4+ 62. hxg4+ fxg4+ 63. Ke3 Rg2 64. Kf4 Rf2+ 65. Ke5 Re2+ 66. Kf6 Rxe6+ 67. Kxe6 Kg5 68. Ke5 h5 69. Ke4 h4 70. Ke3 h3 71. Kf2 Kf5 72. Kg1 Ke4 73. Kf2 Kd3 74. Kg1 Ke3 75. Kh2 Kf2 76. Kh1 Kxg3 77. Kg1 Kf3 78. Kh1 g3 79. Kg1 g2 80. Kh2 Kf2 81. Kxh3 g1=Q 82. Kh4 Qg6 83. Kh3 Qh5# 0-1

[Event "IIFL Wealth  4th Mumbai Junior U-13"]
[Site "Mumbai"]
[Date "2019.01.03"]
[Round "5"]
[White "Aarav, Bhavin Mehta"]
[Black "Virle Kimaya"]
[Result "0-1"]
[ECO "D04"]
[WhiteElo "1166"]
[BlackElo "1391"]
[Annotator "NA RC"]
[PlyCount "86"]
[EventDate "2018.12.30"]
[EventType "swiss"]
[EventCountry "IND"]
[SourceTitle "playchess.com"]
[Source "ChessBase"]
[SourceQuality "1"]
[TimeControl "40/5400+30:1800+30"]

1. d4 d5 2. Nf3 Nf6 3. e3 Bg4 4. c4 c6 5. Qb3 Qc7 6. Nc3 Bxf3 7. gxf3 e6 8. Bd2 Nbd7 9. Rc1 Qb6 10. c5 Qxb3 11. axb3 e5 12. b4 a6 13. Ra1 Rd8 14. Bd3 g6 15. O-O Bg7 16. Rfe1 O-O 17. Rad1 Nh5 18. Ne2 f5 19. Bc3 Rde8 20. e4 exd4 21. Nxd4 fxe4 22. fxe4 Nf4 23. f3 Nxd3 24. Rxd3 Ne5 25. Rde3 Bh6 26. R3e2 Nxf3+ 27. Nxf3 Rxf3 28. exd5 Rxe2 29. Rxe2 Re3 30. Rg2 cxd5 31. Rg4 Re4 32. Rxe4 dxe4 33. Kf2 Kf7 34. b3 Bf4 35. h3 Ke6 36. Ke2 Kf5 37. Bd4 g5 38. Bf2 h5 39. Be1 g4 40. hxg4+ hxg4 41. Kf2 Bc1 42. Kg3 e3 43. Bc3 Bd2 0-1

[Event "IIFL Wealth  4th Mumbai Junior U-13"]
[Site "Mumbai"]
[Date "2019.01.03"]
[Round "5"]
[White "Ks Saikrishna"]
[Black "Shreyas Seshadri Nallore"]
[Result "1/2-1/2"]
[ECO "C25"]
[WhiteElo "1138"]
[BlackElo "1343"]
[Annotator "NA RC"]
[PlyCount "110"]
[EventDate "2018.12.30"]
[EventType "swiss"]
[EventCountry "IND"]
[SourceTitle "playchess.com"]
[Source "ChessBase"]
[SourceQuality "1"]
[TimeControl "40/5400+30:1800+30"]

1. e4 e5 2. Nc3 Nc6 3. Bc4 Bc5 4. Qg4 g6 5. Qg3 d6 6. Nge2 Be6 7. Bb5 Nge7 8. d3 a6 9. Ba4 Qd7 10. Be3 Bxe3 11. fxe3 b5 12. Bb3 Bxb3 13. axb3 Nb4 14. Rc1 c5 15. d4 exd4 16. exd4 cxd4 17. Nxd4 d5 18. exd5 Nbxd5 19. O-O Nxc3 20. Qxc3 O-O 21. Rcd1 Qb7 22. Qf3 Qxf3 23. Nxf3 Nf5 24. Rd3 Rad8 25. Rfd1 Rxd3 26. Rxd3 Re8 27. Kf2 h5 28. Nd4 Nd6 29. Re3 Rc8 30. Kf3 Kf8 31. Rc3 Rxc3+ 32. bxc3 a5 33. Ke3 Ke8 34. Kd3 Kd7 35. c4 bxc4+ 36. bxc4 Nb7 37. Nb5 Kc6 38. Kd4 Nd8 39. c3 f6 40. Na7+ Kb7 41. Nb5 Kc6 42. Na7+ Kb7 43. Nb5 Ne6+ 44. Kd5 Nf4+ 45. Kd6 Ne6 46. Kd5 Nc7+ 47. Kc5 Nxb5 48. Kxb5 g5 49. Kxa5 Kc6 50. Kb4 h4 51. c5 g4 52. Kc4 f5 53. Kd4 f4 54. Ke4 f3 55. gxf3 g3 1/2-1/2

[Event "IIFL Wealth  4th Mumbai Junior U-13"]
[Site "Mumbai"]
[Date "2019.01.03"]
[Round "5"]
[White "Saukhya Savant"]
[Black "Jain, Kushagra"]
[Result "1/2-1/2"]
[ECO "B08"]
[WhiteElo "1122"]
[BlackElo "1323"]
[Annotator "NA RC"]
[PlyCount "112"]
[EventDate "2018.12.30"]
[EventType "swiss"]
[EventCountry "IND"]
[SourceTitle "playchess.com"]
[Source "ChessBase"]
[SourceQuality "1"]
[TimeControl "40/5400+30:1800+30"]

1. e4 d6 2. d4 Nf6 3. Nc3 g6 4. Nf3 Bg7 5. Bf4 O-O 6. Bd3 Bg4 7. h3 Bxf3 8. Qxf3 Nc6 9. Ne2 Nd7 10. c3 e5 11. Be3 exd4 12. Nxd4 Nde5 13. Qe2 Nxd3+ 14. Qxd3 Ne5 15. Qe2 Qe7 16. O-O Nc6 17. Nxc6 bxc6 18. f3 Rfe8 19. Qf2 f5 20. Rfe1 fxe4 21. fxe4 Qxe4 22. Bxa7 Qf5 23. Rxe8+ Rxe8 24. Qxf5 gxf5 25. Bf2 Re2 26. Rb1 Kf7 27. Kf1 Re8 28. Re1 Ra8 29. a3 c5 30. Bh4 Bf8 31. Re2 Ra4 32. Bg3 Be7 33. Rf2 Ke6 34. Rf4 c4 35. h4 d5 36. Rf3 c6 37. Re3+ Kd7 38. Ke2 Bf6 39. Rf3 Ke6 40. Bf2 Ra5 41. Kd2 c5 42. Kc2 d4 43. cxd4 cxd4 44. Kc1 d3 45. Be1 Rb5 46. b4 cxb3 47. Rxd3 b2+ 48. Kb1 Rc5 49. Rd1 Rc4 50. Bf2 f4 51. g3 f3 52. Be3 Kf5 53. Rf1 Ke4 54. Bd2 Kd3 55. Rxf3+ Kxd2 56. Rxf6 Rc3 1/2-1/2

[Event "IIFL Wealth  4th Mumbai Junior U-13"]
[Site "Mumbai"]
[Date "2019.01.03"]
[Round "5"]
[White "Shah, Viraj Bhaveshu"]
[Black "Mitank Maru"]
[Result "0-1"]
[ECO "B28"]
[WhiteElo "1119"]
[BlackElo "1312"]
[Annotator "NA RC"]
[PlyCount "24"]
[EventDate "2018.12.30"]
[EventType "swiss"]
[EventCountry "IND"]
[SourceTitle "playchess.com"]
[Source "ChessBase"]
[SourceQuality "1"]
[TimeControl "40/5400+30:1800+30"]

1. e4 c5 2. Nf3 a6 3. d4 cxd4 4. Nxd4 Nf6 5. Bd3 e5 6. Nb3 d5 7. Nc3 Bb4 8. Bd2 Bxc3 9. Bxc3 dxe4 10. Be2 Qd6 11. Qd2 Qxd2+ {[%emt 0:01:20] Rc1 Qd1+ Rxd1 [%clk 1:25:42] Nc6 [%clk 1:07:09] O-O [%clk 1:24:43] O-O [%clk 1:07:16] f4 [%clk 1:24:42] exf3 [%clk 1:04:36] Bxf3 [%clk 1:22:52] e4 [%clk 1:01:37] Bxf6 [%clk 1:22:27] exf3 [%clk 1:00:37] Rxf3 gxf6 [%clk 0:56:29] Rxf6 [%clk 1:16:57] Bg4 [%clk 0:55:18] Rd5 [%clk 1:14:32] Kh8 [%clk 0:47:46] Rh6 [%clk 1:13:06] Ne7 [%clk 0:45:47] Re5 [%clk 1:09:23] Rae8 [%clk 0:36:25] h3 [%clk 1:08:13] f6 [%clk 0:33:26] Re4 [%clk 1:06:18] Kg7 [%clk 0:31:49] Rh4 [%clk 1:05:48] Bf5 [%clk 0:29:34] Re2 [%clk 1:00:54] Ng6 [%clk 0:28:37] Rxe8 [%clk 0:59:12] Rxe8 [%clk 0:28:09] Rb4 [%clk 0:58:15] b5 [%clk 0:25:53] c3 [%clk 0:54:19] Ne5 [%clk 0:23:13] Rf4 [%clk 0:51:43] Bg6 [%clk 0:21:56] Nd4 [%clk 0:48:13] Nd3 [%clk 0:20:06] Rg4 [%clk 0:46:55] Re1+ [%clk 0:18:46] Kh2 [%clk 0:46:52] Nf2 [%clk 0:16:23] Rf4 [%clk 0:44:17] Nd3 [%clk 0:14:07] Nf3 [%clk 0:41:59] Nxf4 [%clk 0:13:31] Nxe1 [%clk 0:42:12] Nd3 [%clk 0:13:33] Nxd3 [%clk 0:41:49] Bxd3 [%clk 0:13:58] Kg3 [%clk 0:41:55] Kg6 [%clk 0:13:52] a3 [%clk 0:41:48] Kf5 [%clk 0:12:25] Kf3 [%clk 0:40:18] h5 [%clk 0:12:12] h4 [%clk 0:38:11] Be4+ [%clk 0:12:12] Kg3 [%clk 1:06:58] Bd5 [%clk 0:42:21] Kh3 [%clk 1:06:48] Kf4 [%clk 0:42:34] g3+ [%clk 1:06:43] Kf3 [%clk 0:42:31] Kh2 [%clk 1:05:44] Kg4 [%clk 0:42:53] b4 [%clk 1:05:28] f5 [%clk 0:42:53] Kg1 [%clk 1:05:47] Kxg3 [%clk 0:43:03]} 12. Kf1 {[%emt 0:20:51] f4 [%clk 0:43:21] Ke2 [%clk 1:05:34] f3+ [%clk 0:43:39] Ke3 [%clk 1:05:51] f2 [%clk 0:43:27] c4 [%clk 1:06:11] Bxc4 [%clk 0:43:49] a4 [%clk 1:06:25] f1=Q [%clk 0:44:05]} a5 {[%emt 0:00:55] Qf4# [%clk 0:44:27]} 0-1

[Event "IIFL Wealth  4th Mumbai Junior U-13"]
[Site "Mumbai"]
[Date "2019.01.03"]
[Round "5"]
[White "Sureka Akshat"]
[Black "Srivatsan Karthikeyan"]
[Result "0-1"]
[ECO "A37"]
[WhiteElo "1078"]
[BlackElo "1288"]
[Annotator "NA RC"]
[PlyCount "82"]
[EventDate "2018.12.30"]
[EventType "swiss"]
[EventCountry "IND"]
[SourceTitle "playchess.com"]
[Source "ChessBase"]
[SourceQuality "1"]
[TimeControl "40/5400+30:1800+30"]

1. c4 c5 2. Nc3 Nc6 3. g3 g6 4. Bg2 Bg7 5. Nf3 e6 6. e3 Nge7 7. O-O h5 8. h4 Nf5 9. Ne2 f6 10. d3 Nd6 11. e4 Nf7 12. Be3 b6 13. Qd2 Bh6 14. Nf4 e5 15. Nd5 Bxe3 16. Qxe3 g5 17. Rae1 d6 18. Nh2 gxh4 19. f4 h3 20. Bh1 Be6 21. fxe5 Bxd5 22. exd5 Ncxe5 23. Qf4 Kd7 24. Qxf6 Qxf6 25. Rxf6 Rag8 26. Re3 h4 27. g4 Nh6 28. Bf3 Rg7 29. Be2 Nhxg4 30. Nxg4 Nxg4 31. Bxg4+ Rxg4+ 32. Kh2 Rh7 33. Ree6 Rg3 34. Rxd6+ Kc7 35. Rh6 Rhg7 36. Rc6+ Kb7 37. Rxh4 Rg2+ 38. Kh1 h2 39. Rch6 Ka6 40. Rh7 R7g3 41. d6 Rxb2 0-1